 Dungeon Crawl Stone Soup version 0.15-a0-1403-g2cecdf4 (webtiles) character file.

1568909 FiftyNin the Conqueror (level 27, 273/273 HPs)
             Began as a Minotaur Berserker on June 9, 2014.
             Was a High Priest of Trog.
             Escaped with the Orb
             ... and 3 runes on June 11, 2014!
             The game lasted 11:04:55 (85354 turns).

FiftyNin the Conqueror (Minotaur Berserker)        Turns: 85354, Time: 11:04:55

HP 273/273       AC 33     Str 24      XL: 27
MP  28/28        EV 36     Int  3      God: Trog [*****.]
Gold 3081        SH  0     Dex 20      Spells:  0 memorised, 26 levels left

rFire  + + .     SeeInvis .     G - +5,+11 dire flail "Grovaewn" {venom, *Rage +Rage rElec rPois rF+ rC+}
rCold  + + .     Clarity  +     I - +6 pearl dragon armour
rNeg   + . .     rCorr    .     (no shield)
rPois  +         rRot     .     h - +2 hat {Int+3}
rElec  +         Spirit   .     p - +0 cloak {MR+}
SustAb .         Warding  .     B - +2 pair of gloves {Dex+3}
rMut   .         Stasis   .     g - +2 pair of boots {+Jump}
Gourm  .                        R - amulet of clarity
MR     +++..                    J - +4 ring of evasion
                                F - ring of protection from fire

@: very slightly contaminated, hasted, very quick, extremely resistant to
hostile enchantments, extremely unstealthy
A: retaliatory headbutt, fangs 1, horns 2, blurry vision 1, clumsy 1, cold
resistance 1, deformed body, dopey 2, fast metabolism 2, low mp 1, poison
resistance, screaming 1, slow healing 1, weak 1, forlorn
a: Burn Spellbooks, Berserk, Trog's Hand, Brothers in Arms, Renounce Religion,
Evoke Berserk Rage, Evoke Jump Attack
0: Orb of Zot
}: 3/15 runes: decaying, serpentine, silver


You escaped.
You worshipped Trog.
Trog was extremely pleased with you.
You were not hungry.

You visited 8 branches of the dungeon, and saw 52 of its levels.
You visited the Abyss 3 times.
You visited 1 bazaar.
You also visited: Ice Cave.

You collected 6141 gold pieces.
You spent 3060 gold pieces at shops.

Inventory:

Hand weapons
 a - a +6,+6 great mace of flaming
 b - the +4,+11 shortbow "Tuliacys" {speed, rN+ MR++}
   (Trog gifted it to you on level 3 of the Depths)

   Attacks with this weapon are significantly faster.
   It protects you from negative energy.
   It affects your resistance to hostile enchantments.
 G - the +5,+11 dire flail "Grovaewn" (weapon) {venom, *Rage +Rage rElec rPois rF+ rC+}
   (Trog gifted it to you on level 1 of the Vaults)

   It poisons the flesh of those it strikes.
   It protects you from fire.
   It protects you from cold.
   It insulates you from electricity.
   It protects you from poison.
   It lets you go berserk.
   It may make you go berserk in combat.
Missiles
 r - 18 poisoned arrows
 u - 67 arrows of dispersal
 w - 165 arrows of frost
 x - 3 throwing nets (quivered)
 K - 172 arrows of flame
Armour
 g - a +2 pair of boots of jumping (worn)
 h - a +2 hat of intelligence (worn)
 p - a +0 cloak of magic resistance (worn)
 B - a +2 pair of gloves of dexterity (worn)
 H - a +0 cloak of darkness
 I - a +6 pearl dragon armour (worn)
 Z - the +1 cloak "Hecwo" {Str+2}
   (You found it on level 5 of the Vaults)

   It affects your strength (+2).
Magical devices
 y - a wand of slowing (9)
 N - a wand of cold (8)
 Q - a wand of disintegration (12)
 U - a wand of lightning (5)
 V - a wand of teleportation (6)
 W - a wand of fireball (4)
Comestibles
 c - 19 bread rations
 o - 20 fruits
 s - 4 meat rations
Scrolls
 d - 2 scrolls of magic mapping
 f - 11 scrolls of identify
 i - 3 scrolls of fear
 k - 7 scrolls of teleportation
 n - a scroll of vulnerability
 C - 15 scrolls of remove curse
 D - 6 scrolls of fog
 X - 2 scrolls of silence
Jewellery
 j - the ring of Daffodils {+cTele Dex+2 Int+2}
   (You took it off a yaktaur on level 2 of the Depths)

   [ring of teleport control]

   It can be evoked for teleport control.
   It affects your intelligence (+2).
   It affects your dexterity (+2).
 t - a ring of the Octopus King {AC+1 EV+1 Str+1 Dex+1 Int+1 Regen}
   (You took it off a vampire knight on level 2 of the Depths)

   [ring of regeneration]

   It affects your AC (+1).
   It affects your evasion (+1).
   It affects your strength (+1).
   It affects your intelligence (+1).
   It affects your dexterity (+1).
   It increases your rate of regeneration.
 z - a +4 ring of protection
 F - a ring of protection from fire (left hand)
 J - a +4 ring of evasion (right hand)
 L - an uncursed ring of protection from magic
 M - an uncursed ring of flight
 R - an amulet of clarity (around neck)
Potions
 e - 15 potions of curing
 l - 5 potions of agility
 m - a potion of haste
 q - 7 potions of restore abilities
 v - a potion of magic
 A - 5 potions of invisibility
 E - a potion of heal wounds
 O - 2 potions of brilliance
 P - 4 potions of might
 Y - a potion of resistance


   Skills:
 O Level 27 Fighting
 O Level 27 Maces & Flails
 - Level 16.0 Bows
 + Level 23.4 Armour
 + Level 25.4 Dodging
   Level 5.3 Shields
   Level 1.1 Charms
 - Level 10.0 Evocations


You had 26 spell levels left.
You didn't know any spells.

Dungeon Overview and Level Annotations

Branches:
Dungeon (15/15)            Temple (0/1) D:7             Orc (4/4) D:9
    Elf (0/3) Orc:3          Lair (8/8) D:9           Swamp (5/5) Lair:4
  Snake (5/5) Lair:4        Slime (0/6) Lair:7       Vaults (5/5)
  Crypt (0/3) Vaults:2        Zot (5/5) Depths:5     Depths (5/5) D:15

Altars:
Ashenzari
Cheibriados
Dithmenos
Elyvilon
Makhleb
Nemelex Xobeh
Okawaru
Qazlal
Trog
Vehumet
Zin
The Shining One
Beogh
Jiyva

Shops:
D:6 (   D:7 *   D:10 *   Orc:4 [*!%   Vaults:2 *   Vaults:3 %   Vaults:4 %**
Depths:2 !*:

Portals:
Hell: Lair:8 Depths:1 Depths:2 Depths:3 Depths:4 Depths:5
Abyss: Depths:2 Depths:4
Pandemonium: Depths:1 Depths:3
Ziggurat: Depths:2

Annotations:
Swamp:2 exclusion: Roxanne, Roxanne
Depths:4 exclusion: 4 oklob plants


Innate Abilities, Weirdness & Mutations

You reflexively headbutt those who attack you in melee.
You have a pair of horns on your head.
You have very sharp teeth.
Your vision is a little blurry.
You are clumsy. (Dex -2)
Your flesh is cold resistant.
Armour fits poorly on your strangely shaped body.
You are very dopey. (Int -4)
You have a very fast metabolism.
Your magical capacity is low (-10% MP).
Your system is resistant to poisons.
You occasionally shout uncontrollably at your foes.
You heal slowly when monsters are visible.
You are weak. (Str -2)
You have difficulty communicating with the divine.


Message History

There is an open door here.
You see here a short sword.
A smoke demon comes into view.
The smoke demon roars!
Drink which item? (? for menu, Esc to quit)
You feel yourself speed up.
You are very lightly contaminated with residual magic.
You shout at the hellwing!
A hellwing comes into view.
A smoke demon comes into view.
The smoke demon roars!
There is an open door here.
A quasit comes into view.
The quasit gives a chilling moan.
The quasit completely misses you. x3
You impale the quasit!!
You kill the quasit!
Trog accepts your kill.
There is a staircase leading out of the dungeon here.
You have escaped!

...# ##.## ...#
#.# ...# #.# ####
### #### #######
Z#Z#######Z#.#Z#
####Z#M#Z########
...#######......##
##..............@#
.#####..........##
##Z#Z############
#####Z#Z#M#Z#Z# ##
########### .# .##
##########
..###........#
..........##.#


You could see a kobold skeleton and a dwarf skeleton.

Vanquished Creatures
  5 orbs of fire
  5 ancient liches
  A curse toe (Zot:4)
  Saint Roka (Vaults:1)
  6 Killer Klowns
  Mennas (Vaults:4)
  11 golden dragons
  5 electric golems
  10 bone dragons
  Nikola (Swamp:2)
  A pearl dragon (Depths:1)
  27 Orb Guardians
  17 tentacled monstrosities
  11 titans
  Asterion (Vaults:2)
  2 Executioners (Abyss:1)
  24 storm dragons
  4 sphinxes
  5 liches
  7 tengu reavers
  11 tentacled starspawn (Abyss:1)
  Rupert (Swamp:2)
  2 ancient champions (Depths:2)
  Agnes (Vaults:4)
  Frances (Swamp:5)
  2 thorn hunters
  8 shadow dragons
  5 draconian monks
  10 fire giants
  6 greater nagas
  5 draconian scorchers
  Donald (Snake:4)
  3 deep elf sorcerers
  5 frost giants
  5 draconian knights
  4 iron dragons
  4 ghost moths
  5 draconian zealots
  4 emperor scorpions
  An orc warlord (Vaults:5)
  2 spriggan defenders (Depths:2)
  3 draconian annihilators
  17 stone giants
  A vampire knight (Depths:2)
  4 draconian shifters
  15 vault wardens
  5 draconian callers
  A deep elf demonologist (Vaults:4)
  An ophan (Depths:1)
  An apis (Depths:1)
  9 grey draconians
  2 war gargoyles
  8 green draconians
  3 dire elephants
  13 mottled draconians
  11 white draconians
  8 yellow draconians
  A lorocyproca (Abyss:1)
  7 red draconians
  7 black draconians
  4 purple draconians
  12 pale draconians
  30 vault guards
  8 minotaurs
  15 ettins
  19 fire dragons
  2 blizzard demons
  3 deep elf high priests
  A jiangshi (Vaults:2)
  15 ironheart preservers
  2 deep elf death magi
  12 rakshasas
  11 great orbs of eyes
  29 hydras
  15 ice dragons
  3 spriggan air magi
  Harold (D:14)
  9 naga warriors
  10 death cobs
  A ravenous item mimic (Vaults:5)
  A ravenous feature mimic (Depths:4)
  An anaconda (shapeshifter) (Depths:3)
  A shambling mangrove (Swamp:5)
  Nessos (D:14)
  12 deep troll earth magi
  10 anacondas
  Erica (D:12)
  19 death yaks
  14 ogre magi
  A spectral human (Vaults:5)
  3 dancing weapons (Vaults:5)
  14 yaktaur captains
  21 deep troll shamans
  3 tengu warriors
  5 shock serpents
  3 thrashing horrors (Abyss:1)
  A shock serpent (shapeshifter) (Vaults:3)
  9 alligators
  8 naga sharpshooters
  A titan zombie (Vaults:5)
  8 spriggan berserkers
  A sun demon (Abyss:1)
  3 orc high priests
  Nergalle (D:12)
  14 very ugly things
  18 centaur warriors
  6 spriggans
  5 salamander mystics
  2 catoblepae
  2 fire crabs
  2 iron trolls (Depths:2)
  A storm dragon zombie (Zot:4)
  A soul eater (Depths:1)
  A wretched star (Abyss:1)
  4 unseen horrors
  A hell knight (Vaults:5)
  2 orb spiders (Zot:1)
  33 deep trolls
  A golden dragon zombie (Zot:4)
  An ice devil (Depths:2)
  3 spatial maelstroms (Abyss:1)
  2 giant orange brains (Depths:1)
  17 skeletal warriors
  15 large abominations (Abyss:1)
  3 flayed ghosts (Depths:3)
  6 deep elf knights
  A deep elf summoner (Depths:2)
  12 swamp dragons
  2 sea snakes (Snake:4)
  2 deathcaps (Zot:4)
  A hellion (Zot:5)
  A silver statue (Depths:5)
  A harpy (shapeshifter) (Depths:1)
  10 hill giants
  2 naga ritualists
  10 mana vipers
  A lindwurm (Lair:7)
  7 necromancers
  13 orc knights
  An iron dragon zombie (Depths:4)
  15 griffons
  8 orc sorcerers
  A wolf spider zombie (Abyss:1)
  20 salamanders
  4 deep elf conjurers
  4 worldbinders (Abyss:1)
  4 wolf spiders
  11 harpies
  3 draconian zombies
  8 cyclopes
  A mana viper (shapeshifter) (Vaults:4)
  7 wizards
  11 manticores
  A sphinx skeleton (Depths:4)
  35 slime creatures
  A lindwurm (shapeshifter) (Vaults:1)
  25 black mambas
  6 sixfirhies
  A phantasmal warrior (Vaults:4)
  23 moths of wrath
  A black mamba (shapeshifter) (Vaults:3)
  Maurice (D:12)
  16 vault sentinels
  2 gargoyles (D:13)
  A guardian serpent (shapeshifter) (Vaults:5)
  9 smoke demons
  16 ironbrand convokers
  A human skeleton (Vaults:5)
  A spriggan zombie (Depths:4)
  3 guardian serpents
  A tormentor (Abyss:1)
  An apocalypse crab (Abyss:1)
  Psyche (Orc:1)
  An eye of devastation (shapeshifter) (Vaults:4)
  2 green draconian zombies
  6 orange demons
  4 kobold demonologists
  A white draconian zombie (Zot:5)
  3 iron devils
  45 yaktaurs
  2 efreet
  A queen ant (Lair:6)
  16 naga magi
  11 komodo dragons
  A hellwing (Lair:8)
  A minotaur skeleton (Vaults:2)
  4 red wasps
  An item mimic (D:8)
  4 ancient zymes (Abyss:1)
  2 wandering mushrooms
  An elf (shapeshifter) (Vaults:2)
  4 spriggan druids
  3 hydra zombies
  A red devil (Lair:8)
  4 freezing wraiths
  9 blue devils
  12 fire drakes
  24 spiny frogs
  5 jumping spiders
  6 trolls
  4 baby alligators (Swamp:4)
  4 giant leeches
  6 deep elf priests
  A polar bear (shapeshifter) (D:13)
  15 blink frogs
  6 boulder beetles
  5 bog bodies
  A raiju (shapeshifter) (D:15)
  A troll (shapeshifter) (D:15)
  An ettin zombie (Vaults:5)
  A snapping turtle (Abyss:1)
  A raven (shapeshifter) (Vaults:5)
  A stone giant simulacrum (Vaults:2)
  34 two-headed ogres
  6 wraiths
  3 alligator zombies (Swamp:3)
  19 ravens
  A baby alligator (shapeshifter) (Depths:5)
  2 frost giant simulacra
  9 raiju (Abyss:1)
  5 basilisks
  A redback (shapeshifter) (Vaults:5)
  10 redbacks
  3 shadows
  84 yaks
  16 polar bears
  A basilisk (shapeshifter) (D:14)
  An ice dragon skeleton (Abyss:1)
  3 deep elf fighters
  A human (D:8)
  14 sharks
  A yaktaur simulacrum (Vaults:5)
  5 hungry ghosts
  Eustachio (D:8)
  4 vampires
  3 water elementals (Depths:4)
  A giant leech zombie (Swamp:3)
  61 ugly things
  2 fire bats (Abyss:1)
  Grum (D:10)
  4 deep elf magi
  5 tarantellas
  9 neqoxecs
  A golden eye (Abyss:1)
  32 wolves
  27 vampire mosquitoes
  3 chaos spawn (Abyss:1)
  10 hippogriffs
  A hell beast (Vaults:5)
  54 nagas
  9 wargs
  A spatial vortex (Abyss:1)
  A hill giant skeleton (D:8)
  Edmund (D:8)
  2 mottled dragons
  29 swamp worms
  21 soldier ants
  9 porcupines
  38 water moccasins
  4 hell hounds
  38 orc warriors
  A swamp drake (shapeshifter) (Vaults:5)
  A deep troll skeleton (Vaults:5)
  3 ice beasts
  3 spiders (Zot:1)
  21 small abominations (Abyss:1)
  2 human zombies
  58 ogres
  16 swamp drakes
  5 phantoms
  6 sky beasts
  2 black bears (shapeshifter)
  A vampire mosquito zombie (Vaults:2)
  8 necrophages
  4 black bears
  15 centaurs
  2 boring beetles (shapeshifter)
  8 big kobolds
  15 boggarts
  A yellow wasp (D:10)
  Duvessa (D:8)
  A komodo dragon zombie (Lair:6)
  19 giant frogs
  3 brain worms
  13 crocodiles
  17 insubstantial wisps
  An earth elemental (Abyss:1)
  A wyvern skeleton (D:14)
  2 scorpions
  An ogre simulacrum (Vaults:1)
  A water moccasin zombie (Swamp:3)
  A boulder beetle zombie (Vaults:2)
  A cyclops skeleton (D:15)
  An elf simulacrum (Vaults:2)
  A troll zombie (D:10)
  2 eyes of draining
  3 killer bees (D:11)
  A troll skeleton (D:11)
  4 electric eels (Zot:3)
  8 wights
  Dowan (D:8)
  2 goliath beetles
  4 jellies
  8 crimson imps
  4 elf zombies
  6 quasits
  2 centaur zombies
  21 big fish
  2 giant frog zombies
  Crazy Yiuf (D:4)
  28 orc priests
  A basilisk zombie (D:13)
  An iron imp (Abyss:1)
  30 worker ants
  12 hounds
  9 iguanas
  Natasha (twice) (D:5)
  42 orc wizards
  A spectral orc (D:12)
  2 crocodile zombies
  A brain worm zombie (D:9)
  An ogre zombie (D:9)
  26 sheep
  2 mummies
  A scorpion zombie (D:5)
  36 adders
  4 orc skeletons
  3 shadow imps
  63 green rats
  18 white imps
  4 giant mites
  13 ufetubi
  5 worms
  An adder skeleton (D:4)
  2 iguana skeletons
  2 giant eyeballs (Depths:2)
  10 giant geckos
  An ooze (D:1)
  217 orcs
  3 giant cockroaches
  22 goblins
  25 hobgoblins
  6 jackals
  40 kobolds
  11 quokkas
  A ball python (D:1)
  16 bats
  3 giant newts
  2 giant spores
  2 lurking horrors (Abyss:1)
  4 orc zombies
  A quokka skeleton (D:5)
  18 rats
  3 ballistomycetes
  3 fungi
  3 plants
  3 starspawn tentacles (Abyss:1)
2960 creatures vanquished.

Vanquished Creatures (collateral kills)
  A bone dragon (Abyss:1)
  2 titans (Vaults:5)
  A tentacled starspawn (Abyss:1)
  A tengu reaver (Vaults:5)
  A frost giant (Vaults:5)
  A vault warden (Vaults:5)
  2 stone giants
  2 ettins (Vaults:5)
  3 vault guards (Vaults:5)
  A crystal guardian (Vaults:4)
  2 ironheart preservers
  2 deep elf high priests (Vaults:5)
  A naga warrior (Snake:3)
  A dancing weapon (Vaults:5)
  An ogre mage (Vaults:4)
  2 orc high priests (Orc:4)
  2 centaur warriors (Vaults:4)
  2 orc knights (Orc:4)
  2 phantasmal warriors (Vaults:5)
  A salamander (Snake:3)
  A guardian serpent (Snake:3)
  A black mamba (Snake:3)
  A smoke demon (Abyss:1)
  A vault sentinel (Vaults:5)
  An efreet (Abyss:1)
  A hellwing (Orc:4)
  2 human zombies (Vaults:5)
  3 two-headed ogres
  A raven (shapeshifter) (Vaults:5)
  A basilisk (shapeshifter) (Vaults:5)
  A fire bat (Abyss:1)
  A naga (Snake:3)
  A small abomination (Abyss:1)
  4 ogres (Vaults:4)
  An orc warrior (Orc:4)
  A lost soul (Vaults:5)
  2 orc priests (Orc:4)
  An orc zombie (Orc:4)
56 creatures vanquished.

Vanquished Creatures (others)
  A draconian scorcher (Zot:4)
  A deep troll (Abyss:1)
  A hill giant (Vaults:5)
  A necromancer (Vaults:4)
  A vault sentinel (Vaults:2)
  A guardian serpent (Snake:3)
  A yaktaur (Vaults:2)
  A two-headed ogre (Vaults:5)
  A fire dragon zombie (Zot:4)
  A vampire (Depths:1)
  A deep elf fighter (Vaults:4)
  A naga (Snake:5)
  A boggart (Depths:3)
  A quasit (Abyss:1)
  2 orc wizards
  An ufetubus (Abyss:1)
  2 giant spores
  26 eldritch tentacle segments (Depths:4)
  17 fungi
  3 plants
  62 starspawn tentacles (Abyss:1)
  989 starspawn tentacle segments (Abyss:1)
1116 creatures vanquished.

Grand Total: 4132 creatures vanquished

Notes
Turn   | Place    | Note
--------------------------------------------------------------
     0 | D:1      | FiftyNin, the Minotaur Berserker, began the quest for the Orb.
     0 | D:1      | Reached XP level 1. HP: 19/19 MP: 1/1
     1 | D:1      | Noticed a draconian skeleton
     3 | D:1      | Noticed a spriggan skeleton
     7 | D:1      | Noticed a troll skeleton
    10 | D:1      | Noticed a minotaur skeleton
    10 | D:1      | Noticed a minotaur skeleton
    12 | D:1      | Noticed a spriggan skeleton
    14 | D:1      | Noticed a troll skeleton
    16 | D:1      | Noticed a merfolk skeleton
    18 | D:1      | Noticed a minotaur skeleton
    18 | D:1      | Noticed a spriggan skeleton
   122 | D:1      | Reached skill level 4 in Maces & Flails
   372 | D:1      | Reached XP level 2. HP: 16/26 MP: 1/1
  1149 | D:1      | Reached skill level 5 in Maces & Flails
  1325 | D:2      | Found a shadowy altar of Dithmenos.
  1367 | D:1      | Reached XP level 3. HP: 8/31 MP: 2/2
  1603 | D:2      | HP: 1/31 [kobold/runed short sword (7)]
  1845 | D:2      | Acquired Trog's second power
  2092 | D:2      | Reached XP level 4. HP: 31/39 MP: 2/2
  2099 | D:2      | Reached skill level 6 in Maces & Flails
  2951 | D:3      | Reached skill level 7 in Maces & Flails
  2951 | D:3      | Reached XP level 5. HP: 45/45 MP: 2/2
  3819 | D:4      | Found a snail-covered altar of Cheibriados.
  3925 | D:4      | Noticed a phantom
  3950 | D:4      | Killed a phantom
  3950 | D:4      | Reached skill level 8 in Maces & Flails
  3950 | D:4      | Reached XP level 6. HP: 40/51 MP: 3/3
  4085 | D:4      | Noticed a centaur
  4111 | D:4      | Killed a centaur
  4167 | D:4      | Reached skill level 5 in Fighting
  4273 | D:4      | Reached XP level 7. HP: 36/62 MP: 3/3
  4601 | D:4      | Reached skill level 1 in Bows
  4715 | D:4      | Noticed Crazy Yiuf
  4740 | D:4      | Killed Crazy Yiuf
  4907 | D:5      | Entered Level 5 of the Dungeon
  5412 | D:5      | Reached skill level 5 in Bows
  5541 | D:5      | Noticed Natasha
  5551 | D:5      | Killed Natasha
  5551 | D:5      | Reached XP level 8. HP: 70/70 MP: 3/3
  5789 | D:5      | Found a glowing golden altar of the Shining One.
  5884 | D:5      | Acquired Trog's third power
  7000 | D:6      | Found Ranavoa's Weapon Boutique.
  7038 | D:6      | Reached skill level 9 in Bows
  7286 | D:5      | Noticed Natasha
  7286 | D:5      | Received a gift from Trog
  7294 | D:5      | Killed Natasha
  7559 | D:6      | Reached XP level 9. HP: 43/75 MP: 4/4
  7939 | D:6      | Received a gift from Trog
  7939 | D:6      | Reached skill level 10 in Bows
  8881 | D:7      | Found Gacuorphia's General Store.
  8884 | D:7      | Bought a potion of heal wounds for 33 gold pieces
  8890 | D:7      | Found a staircase to the Ecumenical Temple.
  9095 | D:7      | Found a sparkling altar of Nemelex Xobeh.
  9097 | D:7      | Found a shattered altar of Ashenzari.
  9343 | D:8      | Noticed Eustachio
  9357 | D:8      | Killed Eustachio
  9405 | D:8      | Noticed Edmund
  9420 | D:8      | Killed Edmund
  9773 | D:8      | Reached skill level 10 in Fighting
 10011 | D:8      | Noticed Duvessa
 10011 | D:8      | Noticed Dowan
 10022 | D:8      | Killed Duvessa
 10022 | D:8      | Reached skill level 11 in Fighting
 10181 | D:8      | Killed Dowan
 10181 | D:8      | Reached XP level 10. HP: 84/95 MP: 4/4
 10184 | D:8      | Received a gift from Trog
 10502 | D:9      | Found a staircase to the Lair.
 10529 | Lair:1   | Entered Level 1 of the Lair of Beasts
 10638 | Lair:1   | Noticed an eight-headed hydra
 10702 | Lair:1   | Killed an eight-headed hydra
 10702 | Lair:1   | Reached skill level 10 in Maces & Flails
 10702 | Lair:1   | Reached skill level 1 in Shields
 10860 | Lair:1   | Got a warped leather armour
 10999 | Lair:1   | Noticed a seven-headed hydra
 11005 | Lair:1   | Killed a seven-headed hydra
 11005 | Lair:1   | Reached skill level 12 in Maces & Flails
 11017 | Lair:1   | Found a labyrinth entrance.
 11630 | Lair:1   | Gained mutation: You evolve. [potion of mutation]
 11630 | Lair:1   | Gained mutation: You are robust (+10% HP). [potion of mutation]
 11630 | Lair:1   | Gained mutation: Your body is slowly deteriorating. [potion of mutation]
 11634 | Lair:1   | Paralysed by a potion of paralysis for 6 turns
 11662 | Lair:1   | Identified 3 scrolls of acquirement
 11682 | Lair:1   | Identified the cursed +1 leather armour of Integrity {rF++ Acc+4} (You found it on level 1 of the Lair of Beasts)
 11743 | Lair:1   | Upgraded the game from 0.15-a0-1363-g87d8b17 to 0.15-a0-1387-gd422dff
 11855 | Lair:2   | Reached XP level 11. HP: 83/109 MP: 4/4
 12094 | Lair:2   | Reached skill level 5 in Shields
 12293 | Lair:2   | Gained mutation: Your system is resistant to poisons. [evolution]
 12373 | Lair:2   | Reached skill level 13 in Maces & Flails
 12985 | Lair:2   | Reached skill level 14 in Maces & Flails
 13794 | Lair:3   | Reached skill level 15 in Maces & Flails
 13800 | Lair:3   | Received a gift from Trog
 14279 | Lair:4   | Found a staircase to the Snake Pit.
 14575 | Lair:4   | Found a staircase to the Swamp.
 14625 | Lair:4   | Reached skill level 16 in Maces & Flails
 15318 | Lair:5   | Reached XP level 12. HP: 112/119 MP: 5/5
 15997 | Lair:5   | Received a gift from Trog
 16002 | Lair:5   | Reached skill level 17 in Maces & Flails
 17004 | Lair:6   | Reached skill level 18 in Maces & Flails
 17699 | Lair:6   | Received a gift from Trog
 18000 | Lair:6   | Received a gift from Trog
 18437 | Lair:6   | Received a gift from Trog
 18437 | Lair:6   | Reached XP level 13. HP: 88/132 MP: 5/5
 19035 | Lair:6   | Gained mutation: You have very sharp teeth. [evolution]
 19726 | Lair:7   | Got a shimmering morningstar
 19727 | Lair:7   | Identified the +5,+8 morningstar of the Gnat {antimagic, +Rage MR+} (You found it on level 7 of the Lair of Beasts)
 19752 | Lair:7   | Reached skill level 15 in Fighting
 20218 | Lair:6   | Received a gift from Trog
 20395 | Lair:7   | Found a staircase to the Slime Pits.
 20396 | Lair:7   | Found a viscous altar of Jiyva.
 20671 | Lair:6   | Received a gift from Trog
 21379 | Lair:8   | Entered Level 8 of the Lair of Beasts
 21607 | Lair:8   | Received a gift from Trog
 22919 | Lair:8   | Lost mutation: Your body is slowly deteriorating. [evolution]
 23057 | Lair:8   | Reached XP level 14. HP: 135/153 MP: 5/5
 23327 | Lair:8   | Received a gift from Trog
 23527 | Lair:8   | Noticed a dire elephant
 23548 | Lair:8   | Killed a dire elephant
 23963 | Lair:8   | Found a burning altar of Makhleb.
 24034 | Lair:8   | Received a gift from Trog
 24129 | Lair:8   | Found a gateway to Hell.
 24187 | Lair:8   | Reached skill level 19 in Fighting
 24759 | D:9      | Found a stormy altar of Qazlal.
 24878 | D:9      | Found a staircase to the Orcish Mines.
 25332 | D:10     | Entered Level 10 of the Dungeon
 25332 | D:10     | Noticed Grum
 25358 | D:10     | Killed Grum
 25689 | D:10     | Received a gift from Trog
 25852 | D:10     | Found Brutorph's Assorted Antiques.
 25859 | D:10     | Bought a curved lead wand for 112 gold pieces
 25859 | D:10     | Bought a pair of glowing gloves for 126 gold pieces
 25863 | D:10     | Bought a scroll of enchant armour for 210 gold pieces
 26167 | D:11     | Reached skill level 20 in Fighting
 26498 | D:11     | Received a gift from Trog
 26907 | D:12     | Reached skill level 5 in Armour
 27044 | D:12     | Noticed Maurice
 27053 | D:12     | Killed Maurice
 27127 | D:12     | Received a gift from Trog
 27205 | D:12     | Noticed Erica
 27205 | D:12     | Noticed Nergalle
 27241 | D:12     | Killed Nergalle
 27256 | D:12     | Killed Erica
 27268 | D:12     | Gained mutation: Your flesh is cold resistant. [evolution]
 27737 | D:13     | Found a gate to the Vaults.
 27881 | D:13     | Reached XP level 15. HP: 150/168 MP: 6/6
 28285 | D:14     | Noticed Harold
 28295 | D:14     | Killed Harold
 28315 | D:14     | Found a frozen archway.
 28353 | IceCv    | Entered an ice cave
 28437 | IceCv    | Received a gift from Trog
 28442 | IceCv    | Reached skill level 10 in Armour
 30112 | D:11     | Received a gift from Trog
 30429 | D:15     | Entered Level 15 of the Dungeon
 30700 | D:14     | Noticed Nessos
 30711 | D:14     | Killed Nessos
 30740 | D:14     | Received a gift from Trog
 31278 | D:15     | Found a staircase to the Depths.
 31658 | D:14     | Reached skill level 15 in Armour
 31883 | Orc:1    | Entered Level 1 of the Orcish Mines
 32031 | Orc:1    | Reached XP level 16. HP: 176/176 MP: 6/6
 32033 | Orc:1    | Received a gift from Trog
 32159 | Orc:1    | Noticed Psyche
 32161 | Orc:1    | Received a gift from Trog
 32167 | Orc:1    | Cast into the Abyss (Psyche)
 32212 | Abyss:1  | Noticed a tentacled starspawn
 32266 | Abyss:1  | Noticed a lich
 32390 | Abyss:1  | Noticed a lich
 32465 | Abyss:1  | Found a corrupted altar of Lugonu.
 32663 | Abyss:1  | Noticed a tentacled starspawn
 32665 | Abyss:1  | Noticed a tentacled starspawn
 32705 | Abyss:1  | Noticed a tentacled starspawn
 32859 | Abyss:1  | Noticed a tentacled starspawn
 32866 | Abyss:1  | Paralysed by a great orb of eyes for 3 turns
 32868 | Abyss:1  | Noticed a bone dragon
 32902 | Abyss:1  | Killed a bone dragon
 33043 | Abyss:1  | Noticed a tentacled starspawn
 33068 | Abyss:1  | Killed a tentacled starspawn
 33211 | Abyss:1  | Noticed a bone dragon
 33259 | Abyss:1  | Found a corrupted altar of Lugonu.
 33290 | Abyss:1  | Noticed a bone dragon
 33294 | Abyss:1  | Lost mutation: You evolve. [end of evolution]
 33388 | Abyss:1  | Noticed a tentacled starspawn
 33529 | Abyss:1  | Noticed an Executioner
 33547 | Abyss:1  | Killed an Executioner
 33684 | Abyss:1  | Found a deep blue altar of Sif Muna.
 33741 | Orc:1    | Escaped the Abyss
 33748 | Orc:1    | Killed Psyche
 34121 | Orc:2    | Received a gift from Trog
 34859 | Orc:3    | Received a gift from Trog
 34894 | Orc:3    | Found a bloodstained altar of Trog.
 35085 | Orc:3    | Found a staircase to the Elven Halls.
 35145 | Orc:3    | Received a gift from Trog
 35582 | Orc:3    | Found a roughly hewn altar of Beogh.
 35703 | Orc:4    | Entered Level 4 of the Orcish Mines
 35855 | Orc:4    | Received a gift from Trog
 36223 | Orc:4    | Received a gift from Trog
 36320 | Orc:4    | Found Eqaum's Food Shoppe.
 36699 | Orc:4    | Received a gift from Trog
 36712 | Orc:4    | Found Grei's Armour Shoppe.
 36719 | Orc:4    | Found Tethreb's Distillery.
 36724 | Orc:4    | Found Amuddusti's Assorted Antiques.
 36775 | Orc:4    | Bought a bubbling cyan potion for 27 gold pieces
 36775 | Orc:4    | Bought a murky purple potion for 27 gold pieces
 36788 | Orc:4    | Bought a potion of restore abilities for 48 gold pieces
 36788 | Orc:4    | Bought a potion of berserk rage for 48 gold pieces
 36788 | Orc:4    | Bought a potion of heal wounds for 48 gold pieces
 36788 | Orc:4    | Bought a potion of magic for 88 gold pieces
 36788 | Orc:4    | Bought a potion of haste for 112 gold pieces
 36789 | Orc:4    | Bought a potion of curing for 32 gold pieces
 36812 | Orc:4    | Bought a fine scale mail for 279 gold pieces
 36812 | Orc:4    | Bought a runed longbow for 139 gold pieces
 36833 | Orc:4    | Identified the +5 scale mail "Vuogg" {Stlth+} (You bought it in a shop on level 4 of the Orcish Mines)
 36860 | Orc:4    | Bought a +0 pair of boots of jumping for 126 gold pieces
 37322 | Snake:1  | Entered Level 1 of the Snake Pit
 38713 | Snake:2  | Received a gift from Trog
 39780 | Snake:3  | Received a gift from Trog
 39798 | Snake:3  | Reached XP level 17. HP: 100/185 MP: 6/6
 40439 | Snake:4  | Found a radiant altar of Vehumet.
 40747 | Snake:4  | Received a gift from Trog
 40756 | Snake:4  | Got a fine longbow {god gift}
 40757 | Snake:4  | Identified the +2,+9 longbow of the Shining Light {frost, rElec Str+3} (Trog gifted it to you on level 4 of the Snake Pit)
 40771 | Snake:4  | Noticed Donald
 40790 | Snake:4  | Killed Donald
 40882 | Snake:4  | Paralysed by the power of Zot for 3 turns
 41683 | Snake:5  | Entered Level 5 of the Snake Pit
 42347 | Snake:5  | Reached skill level 21 in Armour
 42669 | Snake:5  | Received a gift from Trog
 43195 | Snake:5  | Reached skill level 22 in Armour
 43613 | Snake:5  | Received a gift from Trog
 43647 | Snake:5  | Got a serpentine rune of Zot
 44126 | Lair:1   | Upgraded the game from 0.15-a0-1387-gd422dff to 0.15-a0-1403-g2cecdf4
 44217 | Swamp:1  | Entered Level 1 of the Swamp
 44239 | Swamp:1  | Received a gift from Trog
 44477 | Swamp:1  | Reached XP level 18. HP: 167/193 MP: 7/7
 45211 | Swamp:2  | Noticed Roxanne
 45345 | Swamp:2  | Noticed Nikola
 45346 | Swamp:2  | Received a gift from Trog
 45430 | Swamp:2  | Noticed Rupert
 45474 | Swamp:2  | Killed Nikola
 45635 | Swamp:2  | Received a gift from Trog
 45651 | Swamp:2  | Killed Rupert
 47653 | Swamp:4  | Received a gift from Trog
 47860 | Swamp:5  | Entered Level 5 of the Swamp
 47899 | Swamp:5  | Noticed Frances
 48078 | Swamp:5  | Killed Frances
 48576 | Swamp:5  | Received a gift from Trog
 48579 | Swamp:5  | Got an encrusted dire flail {god gift}
 48593 | Swamp:5  | Got a decaying rune of Zot
 48601 | Swamp:5  | Identified the -1,+5 dire flail "Zietzawn" {antimagic, rF+ rC- Str+2 Dex+1 Int-2} (Trog gifted it to you on level 5 of the Swamp)
 49589 | Vaults:1 | Entered Level 1 of the Vaults
 49604 | Vaults:1 | Reached skill level 5 in Dodging
 49673 | Vaults:1 | Noticed Saint Roka
 49697 | Vaults:1 | Killed Saint Roka
 49857 | Vaults:1 | Received a gift from Trog
 49931 | Vaults:1 | Got a warped dire flail {god gift}
 49933 | Vaults:1 | Identified the +5,+11 dire flail "Grovaewn" {venom, *Rage +Rage rElec rPois rF+ rC+} (Trog gifted it to you on level 1 of the Vaults)
 50103 | Vaults:1 | Reached XP level 19. HP: 194/201 MP: 7/7
 51129 | Vaults:1 | Received a gift from Trog
 51437 | Vaults:2 | Received a gift from Trog
 51454 | Vaults:2 | Reached skill level 10 in Dodging
 51464 | Vaults:2 | Got a twisted demon whip {god gift}
 51465 | Vaults:2 | Identified the -2,+7 demon whip of the Eleven Realms {slash, rElec Dex+1 Stlth+} (Trog gifted it to you on level 2 of the Vaults)
 51571 | Vaults:2 | Noticed Asterion
 51583 | Vaults:2 | Killed Asterion
 51707 | Vaults:2 | Found Skais' Assorted Antiques.
 51722 | Vaults:2 | Bought a potion of heal wounds for 90 gold pieces
 52302 | Vaults:2 | Received a gift from Trog
 52564 | Vaults:2 | Found a staircase to the Crypt.
 52951 | Vaults:2 | Received a gift from Trog
 54277 | Vaults:3 | Received a gift from Trog
 54488 | Vaults:3 | Found Etaiz's Food Boutique.
 54726 | Vaults:3 | Reached skill level 15 in Dodging
 54726 | Vaults:3 | Reached XP level 20. HP: 204/210 MP: 7/7
 55112 | Vaults:3 | Received a gift from Trog
 55982 | Vaults:4 | Noticed Mennas
 56008 | Vaults:4 | Killed Mennas
 56114 | Vaults:4 | Found Kluthy's Food Shoppe.
 56125 | Vaults:4 | Received a gift from Trog
 56624 | Vaults:4 | Received a gift from Trog
 57827 | Vaults:4 | Paralysed by a sphinx for 2 turns
 57910 | Vaults:4 | Noticed Agnes
 57921 | Vaults:4 | Killed Agnes
 58013 | Vaults:4 | Found Umics' General Store.
 58026 | Vaults:4 | Found Blevonam's General Store.
 58038 | Vaults:4 | Bought a scroll of identify for 46 gold pieces
 58049 | Vaults:4 | Bought a scroll of identify for 42 gold pieces
 58049 | Vaults:4 | Bought a scroll of recharging for 199 gold pieces
 58055 | Vaults:4 | Got a crude flail
 58056 | Vaults:4 | Identified the +10,+5 flail "Finom" {flame, Str+3 Int+3} (You found it on level 4 of the Vaults)
 58465 | Vaults:4 | Received a gift from Trog
 58566 | Vaults:5 | Entered Level 5 of the Vaults
 58595 | Vaults:5 | Cast into the Abyss (ogre mage)
 58625 | Abyss:1  | Noticed a tentacled starspawn
 58637 | Abyss:1  | Found a corrupted altar of Lugonu.
 59081 | Abyss:1  | Found a corrupted altar of Lugonu.
 59123 | Abyss:1  | Received a gift from Trog
 59392 | Abyss:1  | Found a corrupted altar of Lugonu.
 59443 | Abyss:1  | Gained mutation: Armour fits poorly on your strangely shaped body. [a neqoxec]
 59475 | Abyss:1  | Found a corrupted altar of Lugonu.
 59598 | Abyss:1  | Received a gift from Trog
 59861 | Abyss:1  | Gained mutation: You occasionally shout uncontrollably at your foes. [a neqoxec]
 60004 | Abyss:1  | Reached XP level 21. HP: 202/202 MP: 8/8
 60011 | Abyss:1  | Found a corrupted altar of Lugonu.
 60016 | Vaults:5 | Escaped the Abyss
 60651 | Depths:1 | Entered Level 1 of the Depths
 60657 | Depths:1 | Received a gift from Trog
 60695 | Depths:1 | Paralysed by a great orb of eyes for 4 turns
 60714 | Depths:1 | Received a gift from Trog
 61028 | Depths:1 | Received a gift from Trog
 61030 | Depths:1 | Found a one-way gate leading to the halls of Pandemonium.
 61613 | Depths:1 | Received a gift from Trog
 61625 | Depths:1 | Found a white marble altar of Elyvilon.
 61625 | Depths:1 | Found a glowing silver altar of Zin.
 61625 | Depths:1 | Found a glowing golden altar of the Shining One.
 61703 | Depths:1 | Paralysed by a great orb of eyes for 2 turns
 61858 | Depths:2 | Received a gift from Trog
 61885 | Depths:2 | Paralysed by a giant eyeball for 3 turns
 62034 | Depths:2 | Reached skill level 23 in Fighting
 62223 | Depths:2 | Found a gateway to a ziggurat.
 62922 | Depths:2 | Paralysed by a great orb of eyes for 7 turns
 62934 | Depths:2 | Found a one-way gate to the infinite horrors of the Abyss.
 62988 | Depths:2 | Found Kigidaif's General Store.
 63000 | Depths:2 | Bought a potion of heal wounds for 63 gold pieces
 63182 | Depths:2 | Received a gift from Trog
 63203 | Depths:2 | Got a steaming steel ring
 63209 | Depths:2 | Identified the ring "Plog" {Wiz rPois Dex-3 Acc+3} (You found it on level 2 of the Depths)
 63223 | Depths:2 | Found Cupleiti's Distillery.
 63238 | Depths:2 | Bought 2 potions of heal wounds for 102 gold pieces
 63238 | Depths:2 | Bought a potion of haste for 119 gold pieces
 63238 | Depths:2 | Bought a potion of heal wounds for 51 gold pieces
 63238 | Depths:2 | Bought 2 potions of heal wounds for 102 gold pieces
 63276 | Depths:2 | Reached skill level 24 in Fighting
 63825 | Depths:2 | Got a sparkling copper ring
 63883 | Depths:2 | Found Gazxufilo's Book Emporium.
 64120 | Depths:2 | Paralysed by something for 4 turns
 64135 | Depths:2 | Paralysed by a vampire knight for 4 turns
 64567 | Depths:2 | Got a ring of the Octopus King
 64602 | Depths:2 | Received a gift from Trog
 64606 | Depths:2 | Reached XP level 22. HP: 238/244 MP: 8/8
 65299 | Depths:3 | Reached skill level 25 in Fighting
 66199 | Depths:2 | Cast into the Abyss (deep elf sorcerer)
 66199 | Abyss:1  | Found a corrupted altar of Lugonu.
 66200 | Abyss:1  | Identified the ring of Daffodils {+cTele Dex+2 Int+2} (You took it off a yaktaur on level 2 of the Depths)
 66201 | Abyss:1  | Identified a ring of the Octopus King {AC+1 EV+1 Str+1 Dex+1 Int+1 Regen} (You took it off a vampire knight on level 2 of the Depths)
 66515 | Abyss:1  | Received a gift from Trog
 66635 | Abyss:1  | Gained mutation: Your vision is a little blurry. [a neqoxec]
 66637 | Abyss:1  | Gained mutation: You have a fast metabolism. [a neqoxec]
 66767 | Abyss:1  | Reached skill level 26 in Fighting
 66781 | Depths:2 | Escaped the Abyss
 66883 | Depths:3 | Received a gift from Trog
 66896 | Depths:3 | Got a jewelled shortbow {god gift}
 66902 | Depths:3 | Identified the +4,+11 shortbow "Tuliacys" {speed, rN+ MR++} (Trog gifted it to you on level 3 of the Depths)
 66916 | Depths:3 | Found an iron altar of Okawaru.
 67501 | Depths:3 | Received a gift from Trog
 67578 | Depths:3 | Got a faintly humming plate armour
 67600 | Depths:3 | Identified the cursed +0 plate armour of Protective Custody {Str-2 Int+3} (You found it on level 3 of the Depths)
 67713 | Depths:3 | Reached skill level 27 in Fighting
 68256 | Depths:4 | Reached XP level 23. HP: 145/262 MP: 8/8
 69159 | Depths:5 | Entered Level 5 of the Depths
 69893 | Depths:5 | Received a gift from Trog
 70108 | Depths:5 | Received a gift from Trog
 70183 | Depths:5 | Received a gift from Trog
 70540 | Depths:5 | Found a gateway to a bazaar.
 70693 | Depths:5 | Received a gift from Trog
 70969 | Depths:5 | Found a gate to the Realm of Zot.
 71225 | Bazaar   | Entered a bazaar
 71239 | Bazaar   | Found Zodum's Gadget Emporium.
 71239 | Bazaar   | Found Maita's Assorted Antiques.
 71245 | Bazaar   | Bought a vibrating golden ring for 140 gold pieces
 71245 | Bazaar   | Bought a pair of embroidered boots for 126 gold pieces
 71258 | Bazaar   | Identified the ring of Thribru {Str+1 Int+3 Stlth-} (You bought it in a shop in a bazaar)
 71294 | Bazaar   | Found Pitwaih's Gadget Shoppe.
 71316 | Bazaar   | Found Uwuihuts' Distillery.
 71316 | Bazaar   | Found Sedwut's Jewellery Shoppe.
 71321 | Bazaar   | Bought a cursed amulet of inaccuracy for 30 gold pieces
 71328 | Bazaar   | Bought a potion of haste for 77 gold pieces
 71328 | Bazaar   | Bought a potion of heal wounds for 33 gold pieces
 71328 | Bazaar   | Bought a potion of haste for 77 gold pieces
 71328 | Bazaar   | Bought 2 potions of haste for 154 gold pieces
 71400 | Bazaar   | Bought a scroll of enchant weapon II for 154 gold pieces
 71602 | Depths:1 | Received a gift from Trog
 71863 | Vaults:5 | Received a gift from Trog
 71953 | Vaults:5 | Received a gift from Trog
 72022 | Vaults:5 | Received a gift from Trog
 72055 | Vaults:5 | Noticed a golden dragon
 72075 | Vaults:5 | Killed a golden dragon
 72479 | Vaults:5 | Reached XP level 24. HP: 84/271 MP: 9/9
 72577 | Vaults:5 | Noticed a golden dragon
 72590 | Vaults:5 | Killed a golden dragon
 72972 | Vaults:5 | Received a gift from Trog
 73420 | Vaults:5 | Got a steaming shortbow
 73421 | Vaults:5 | Identified the +6,+5 shortbow of Equilibrium {velocity, rElec Int+3} (You took it off a vault guard on level 5 of the Vaults)
 73613 | Vaults:5 | Got a silver rune of Zot
 73859 | Vaults:5 | Got a jewelled cloak
 73863 | Vaults:5 | Identified the cursed +1 cloak "Hecwo" {Str+2} (You found it on level 5 of the Vaults)
 74562 | Lair:1   | Got a brightly glowing silver ring
 74563 | Lair:1   | Identified the ring of Makhleb's Reproof {MP+9 Str+2 Dex+4} (You acquired it on level 1 of the Lair of Beasts)
 74902 | Zot:1    | Entered Level 1 of the Realm of Zot
 74919 | Zot:1    | Received a gift from Trog
 76212 | Zot:1    | Reached skill level 27 in Maces & Flails
 76212 | Zot:1    | Reached skill level 1 in Evocations
 76278 | Zot:1    | Received a gift from Trog
 76453 | Zot:1    | Reached skill level 5 in Evocations
 76716 | Zot:2    | Received a gift from Trog
 77088 | Zot:2    | Reached XP level 25. HP: 276/280 MP: 29/30
 77232 | Zot:2    | Reached skill level 1 in Charms
 77327 | Zot:2    | Reached skill level 10 in Evocations
 77403 | Zot:2    | Received a gift from Trog
 78617 | Zot:3    | Received a gift from Trog
 79691 | Zot:3    | Reached skill level 15 in Bows
 79723 | Zot:3    | Received a gift from Trog
 80164 | Zot:4    | Received a gift from Trog
 80498 | Zot:4    | Noticed an orb of fire
 80503 | Zot:4    | Killed an orb of fire
 80528 | Zot:4    | Noticed an ancient lich
 80532 | Zot:4    | Killed an ancient lich
 80532 | Zot:4    | Reached XP level 26. HP: 290/290 MP: 31/31
 80573 | Zot:4    | Received a gift from Trog
 81224 | Zot:5    | Entered Level 5 of the Realm of Zot
 82222 | Zot:5    | Received a gift from Trog
 82463 | Zot:5    | Noticed an ancient lich
 82476 | Zot:5    | Killed an ancient lich
 82642 | Zot:5    | Noticed an orb of fire
 82652 | Zot:5    | Gained mutation: You are dopey. (Int -2) [an orb of fire]
 82660 | Zot:5    | Killed an orb of fire
 82882 | Zot:5    | Noticed an ancient lich
 82902 | Zot:5    | Killed an ancient lich
 82985 | Zot:5    | Received a gift from Trog
 82985 | Zot:5    | Reached XP level 27. HP: 288/298 MP: 32/32
 82987 | Zot:5    | Noticed an orb of fire
 82987 | Zot:5    | Gained mutation: You are very dopey. (Int -4) [an orb of fire]
 82988 | Zot:5    | Gained mutation: You have difficulty communicating with the divine. [an orb of fire]
 82996 | Zot:5    | Noticed an orb of fire
 82997 | Zot:5    | Killed an orb of fire
 83001 | Zot:5    | Gained mutation: You are clumsy. (Dex -2) [an orb of fire]
 83004 | Zot:5    | Gained mutation: Your magical capacity is low (-10% MP). [an orb of fire]
 83007 | Zot:5    | Lost mutation: You are robust (+10% HP). [an orb of fire]
 83267 | Zot:5    | Gained mutation: You are weak. (Str -2) [an orb of fire]
 83270 | Zot:5    | Gained mutation: You heal slowly when monsters are visible. [an orb of fire]
 83277 | Zot:5    | Killed an orb of fire
 83530 | Zot:5    | Noticed an ancient lich
 83543 | Zot:5    | Killed an ancient lich
 83854 | Zot:5    | Noticed an ancient lich
 83858 | Zot:5    | Noticed an orb of fire
 83860 | Zot:5    | Gained mutation: You have a very fast metabolism. [an orb of fire]
 83864 | Zot:5    | Killed an ancient lich
 83875 | Zot:5    | Killed an orb of fire
 84467 | Zot:5    | Got the Orb of Zot
 84707 | Depths:4 | Noticed Leonesti the pandemonium lord
 84942 | D:12     | Noticed Qamn the pandemonium lord
 85092 | D:7      | Noticed Cani the pandemonium lord
 85354 | D:$      | Escaped with the Orb!

Action                   |  1- 3 |  4- 6 |  7- 9 | 10-12 | 13-15 | 16-18 | 19-21 | 22-24 | 25-27 || total
-------------------------+-------+-------+-------+-------+-------+-------+-------+-------+-------++-------
Melee: Mace              |    75 |   163 |   482 |       |       |       |       |       |       ||   720
       Flail             |       |       |       |   885 |    13 |       |    17 |       |       ||   915
       Great mace        |       |       |       |       |  1563 |  1655 |  1308 |   164 |   879 ||  5569
       Morningstar       |       |       |       |       |    31 |       |       |       |       ||    31
       Dire flail        |       |       |       |       |       |    95 |   721 |  1619 |   222 ||  2657
       Unarmed           |       |       |       |       |       |       |     4 |    13 |       ||    17
 Fire: Shortbow          |       |       |    70 |       |       |       |       |    58 |   149 ||   277
       Longbow           |       |       |       |    97 |    68 |   231 |    54 |       |       ||   450
Throw: Stone             |     6 |     6 |    16 |     5 |       |       |       |       |       ||    33
       Throwing net      |       |       |     1 |       |       |     1 |     5 |       |     4 ||    11
Invok: Trog's Hand       |       |     1 |       |       |     2 |    25 |    21 |     6 |     8 ||    63
       Berserk           |       |     1 |     5 |     5 |     5 |     7 |     3 |     4 |     6 ||    36
       Burn Spellbooks   |       |       |       |     1 |     1 |     3 |     1 |     7 |     3 ||    16
       Brothers in Arms  |       |       |       |       |     1 |     5 |     4 |     3 |       ||    13
 Abil: Evoke Teleport Co |       |       |       |       |       |       |     2 |     1 |       ||     3
       Evoke Jump Attack |       |       |       |       |       |       |     1 |       |       ||     1
       Evoke Flight      |       |       |       |       |       |       |       |       |     3 ||     3
Evoke: Wand              |       |     1 |     2 |     1 |     8 |     9 |     5 |     6 |     2 ||    34
  Use: Potion            |     1 |       |     3 |    15 |     5 |    19 |    20 |     6 |    13 ||    82
       Scroll            |       |     3 |       |    16 |    10 |    28 |    35 |    38 |    11 ||   141
 Stab: Fleeing           |       |       |       |       |     1 |       |       |       |       ||     1
       Distracted        |       |       |       |       |       |     2 |     1 |     1 |       ||     4
       Confused          |       |       |       |       |       |     1 |       |       |     2 ||     3
